 Dungeon Crawl Stone Soup version 0.25.1-2-g60ff931df9 (webtiles) character file.

Game seed: 4186434028991463574

1969 CrazyMind the Digger (level 9, 0/68 HPs)
             Began as a Yellow Draconian Earth Elementalist on Oct 11, 2020.
             Slain by a hornet (15 damage)
             ... on level 6 of the Dungeon on Oct 14, 2020.
             The game lasted 00:50:08 (8383 turns).

CrazyMind the Digger (DrEE)                         Turns: 8383, Time: 00:50:09

Health: 0/68       AC:  8    Str: 17    XL:     9   Next: 0%
Magic:  16/19      EV: 13    Int: 19    God:
Gold:   314        SH:  0    Dex: 11    Spells: 16/22 levels left

rFire    . . .     SeeInvis .   G - staff of earth
rCold    . . .     Gourm    .   (no shield)
rNeg     . . .     Faith    .   (armour unavailable)
rPois    .         Spirit   .   (helmet restricted)
rElec    .         Reflect  .   (no cloak)
rCorr    +         Harm     .   x - +0 pair of gloves
MR       .....                  (no boots)
Stlth    ++........             k - amulet of the acrobat
HPRegen  0.21/turn              l - +6 ring of strength
MPRegen  0.16/turn              (no ring)

@: slowed, very slow
A: spit acid, unfitting armour, cold-blooded, acid resistance, AC +7
a: Breathe Acid


You were on level 6 of the Dungeon.
You were hungry.

You visited 2 branches of the dungeon, and saw 8 of its levels.

You collected 314 gold pieces.

Inventory:

Hand Weapons
 f - a +1 falchion of electrocution
 i - a +1 dagger of venom
 p - a +2 dagger of electrocution
 F - the +2 rapier "Kageral" {vamp, Str+6}
   (You found it on level 6 of the Dungeon)

   It inflicts no extra harm, but heals its wielder when it wounds a living foe.
   It affects your strength (+6).
 M - a +2 whip of flaming
Missiles
 b - 37 stones
 h - 11 poisoned darts (quivered)
 o - 2 boomerangs
Armour
 x - a +0 pair of gloves (worn)
Magical Staves
 G - an uncursed staff of earth (weapon)
Jewellery
 k - an amulet of the acrobat (around neck)
 l - a +6 ring of strength (left hand)
 q - an uncursed amulet of guardian spirit
Wands
 d - a wand of random effects (18)
 t - a wand of disintegration (7)
 u - a wand of iceblast (7)
 D - a wand of enslavement (5)
 I - a wand of clouds (3)
 J - a wand of paralysis (11)
Scrolls
 g - 2 scrolls of remove curse
 r - 2 scrolls of identify
 s - 3 scrolls of amnesia
 w - 2 scrolls of enchant weapon {unknown}
 y - 2 scrolls of teleportation
 C - a scroll of enchant armour {unknown}
 H - 2 scrolls of immolation {unknown}
 K - a scroll of noise {unknown}
 L - 2 scrolls of magic mapping {unknown}
Potions
 a - 2 potions of curing
 e - 2 potions of berserk rage {unknown}
 j - a potion of ambrosia {unknown}
 m - 2 potions of flight {unknown}
 n - 2 potions of degeneration {unknown}
 v - a potion of brilliance {unknown}
 z - 2 potions of resistance {unknown}
 A - a potion of cancellation {unknown}
 B - a potion of mutation {unknown}
 E - a potion of heal wounds {unknown}
Comestibles
 c - 14 rations


   Skills:
 + Level 2.5 Fighting
 + Level 3.2 Dodging
 - Level 1.7 Stealth
 + Level 7.2 Spellcasting
 + Level 3.2 Conjurations
 - Level 1.0 Transmutations
 + Level 7.8 Earth Magic


You had 16 spell levels left.
You knew the following spells:

 Your Spells              Type           Power        Failure   Level  Hunger
a - Sandblast             Erth           ######       1%          1    None
b - Passwall              Tmut/Erth      #####...     2%          2    None
c - Stone Arrow           Conj/Erth      #####.       3%          3    #......

Your spell library contained the following spells:

 Spells                   Type           Power        Failure   Level  Hunger
 Animate Skeleton         Necr           N/A          10%         1    None
 Pain                     Necr           #...         10%         1    None
 Lee's Rapid Deconstruct  Erth           ######....   11%         5    #####..
 Petrify                  Tmut/Erth      #####...     16%         4    ###....
 Vampiric Draining        Necr           #.........   30%         3    #......
 Animate Dead             Necr           N/A          69%         4    ###....
 Agony                    Necr           #.......     95%         5    #####..


Dungeon Overview and Level Annotations

Branches:
Dungeon (7/15)             Temple (1/1) D:6

Altars:
Ashenzari
Cheibriados
Dithmenos
Elyvilon
Fedhas
Gozag
Hepliaklqana
Kikubaaqudgha
Nemelex Xobeh
Okawaru
Qazlal
Ru
Sif Muna
Trog
Uskayaw
Wu Jian
Xom
Yredelemnul
Zin
The Shining One


Innate Abilities, Weirdness & Mutations

You can spit globs of acid.
Your golden yellow scales are hard. (AC +7)
You cannot fit into any form of body armour.
You are cold-blooded and may be slowed by cold attacks.
You are resistant to acid. (rCorr)


Message History

Aim: a hornet You feel a surge of power!
The stone arrow hits the hornet!
The hornet is heavily wounded.
You feel sick. The hornet stings you!
* * * LOW HITPOINT WARNING * * *
You feel as though you will be slow longer.
The hornet stings you.
* * * LOW HITPOINT WARNING * * *
You are more poisoned.
You feel as though you will be slow longer.
The hornet barely misses you.
You feel better. The hornet stings you.
* * * LOW HITPOINT WARNING * * *
You feel as though you will be slow longer.
The hornet stings you.
* * * LOW HITPOINT WARNING * * *
You are lethally poisoned!
You feel as though you will be slow longer.
You feel better. The hornet stings you!
You die...

....(## #.....##.# #.# #.#
..##..#######(.#.####.# #.#
.#..#....((([(........# #.#
....#.########.#.##########.#
...#..# #..............#
>.....# ##...###########
..##..# #[..#........#
.#..#.#########...#.######.#
.#....##........@y#.# #.#
..#..###.########.#.# ###.###
....## #.# #.#.# #.....#
.....# #.# #.#.# #.#..##
####.# #.# #.#.####.#...# #.#
#.########.#....#.#..##
####.###..........####.#.#..#
.............###### #(#.#..#
####.#####.### #.#.#..#


You could see a hornet.

Vanquished Creatures
  Pikel (D:4)
  An ice beast (D:6)
  2 sky beasts
  A black bear (D:6)
  4 slaves (D:4)
  A phantom (D:5)
  3 centaurs (D:6)
  Blork the orc (D:6)
  2 bullfrogs
  A scorpion (D:6)
  A howler monkey (D:4)
  2 orc priests (D:5)
  A hound (D:7)
  A jelly (D:7)
  An orc wizard (D:5)
  Natasha (thrice) (D:2)
  2 worker ants
  A worker ant zombie (D:5)
  Robin (D:2)
  6 adders
  A river rat (D:3)
  A shadow imp (D:5)
  2 adder skeletons (D:4)
  6 worms
  A dart slug (D:4)
  10 leopard geckos
  11 orcs
  7 giant cockroaches
  16 goblins
  14 hobgoblins
  15 jackals
  3 quokkas
  6 bats
  11 frilled lizards
  9 kobolds
  5 rats
154 creatures vanquished.

Notes
Turn   | Place    | Note
-------+----------+-------------------------------------------
     0 | D:1      | CrazyMind the Draconian Earth Elementalist began the quest
                  | for the Orb.
     0 | D:1      | Reached XP level 1. HP: 14/14 MP: 3/3
   534 | D:1      | Reached XP level 2. HP: 13/20 MP: 1/5
   574 | D:1      | Learned a level 2 spell: Passwall
  1270 | D:1      | Reached XP level 3. HP: 27/27 MP: 6/6
  1275 | D:1      | Learned a level 3 spell: Stone Arrow
  1805 | D:2      | Noticed Natasha
  1815 | D:2      | Killed Natasha
  1815 | D:2      | Reached XP level 4. HP: 30/34 MP: 3/8
  1947 | D:2      | Reached skill level 1 in Fighting
  2221 | D:2      | Noticed Natasha
  2228 | D:2      | Killed Natasha
  2461 | D:2      | Noticed Natasha
  2471 | D:2      | Killed Natasha
  2471 | D:2      | Reached XP level 5. HP: 30/40 MP: 3/9
  2748 | D:2      | Found a blossoming altar of Fedhas.
  2979 | D:2      | Noticed Robin
  2983 | D:2      | Killed Robin
  4161 | D:4      | Reached skill level 5 in Earth Magic
  4253 | D:4      | Reached XP level 6. HP: 38/47 MP: 9/11
  4429 | D:4      | Noticed a slave
  4429 | D:4      | Noticed a slave
  4429 | D:4      | Noticed a slave
  4467 | D:4      | Found a snail-covered altar of Cheibriados.
  4952 | D:5      | Entered Level 5 of the Dungeon
  5212 | D:5      | Reached skill level 1 in Conjurations
  5293 | D:5      | Found an opulent altar of Gozag.
  5590 | D:5      | Your scales start taking on a golden yellow colour.
  5590 | D:5      | Reached XP level 7. HP: 36/53 MP: 8/13
  5590 | D:5      | Gained mutation: You are resistant to acid. (rCorr) [Yellow
                  | Draconian growth]
  5826 | D:6      | Reached skill level 5 in Spellcasting
  6047 | D:6      | Found a staircase to the Ecumenical Temple.
  6060 | D:6      | Got a masterwork rapier
  6069 | D:6      | Identified the +2 rapier "Kageral" {vamp, Str+6} (You found
                  | it on level 6 of the Dungeon)
  6072 | Temple   | Entered the Ecumenical Temple
  6617 | D:6      | Noticed Blork the orc
  6639 | D:6      | Reached XP level 8. HP: 44/61 MP: 13/16
  6643 | D:6      | Killed Blork the orc
  6823 | D:6      | Found an iron altar of Okawaru.
  7143 | D:6      | Noticed an angel
  7144 | D:6      | Found a glowing silver altar of Zin.
  7517 | D:7      | Noticed a hornet
  7621 | D:4      | Noticed Pikel
  8199 | D:4      | Killed Pikel
  8199 | D:4      | Reached XP level 9. HP: 68/68 MP: 6/19
  8383 | D:6      | Slain by a hornet

Illustrated notes

Levels and vault maps discovered:
D:1:      ncdulo_watergridlock, layout_basic
D:2:      layout_loops_ring, fedhas_altar_fruit_tree, first_ration,
          uniq_natasha, uniq_robin
D:3:      layout_basic, gup_sewer_entry_bubbles
D:4:      layout_gridville, kennysheep_slug_shrine, uniq_pikel
D:5:      layout_rooms, old_standard_altar
D:6:      layout_basic, zin_angel, minmay_temple_entry_mini_moons,
          okawaru_altar_gauntlet_db, uniq_blork_the_orc
D:7:      layout_basic, grunt_temple_overflow_lords_of_destruction,
          grunt_ogre_cave, minmay_door_square, minmay_manual_mess, uniq_joseph
Temple:   regret_index_temple_sphere_string

Skill      XL: |  1  2  3  4  5  6  7  8 |
---------------+-------------------------+-----
Dodging        | 2 3 |  3.2
Earth Magic    | 4 5 6 7 |  7.8
Fighting       | 1 2 |  2.5
Spellcasting   | 3 4 5 7 |  7.2
Conjurations   | 2 3 |  3.2
Stealth        | |  1.7
Transmutations | |  1.0

Action                   |  1- 3 |  4- 6 |  7- 9 || total
-------------------------+-------+-------+-------++-------
Melee: Short sword       |    73 |    67 |       ||   140
       Unarmed           |    10 |       |       ||    10
       Tailslap          |     8 |    11 |     5 ||    24
       Falchion          |       |    80 |     8 ||    88
       Dagger            |       |     3 |     1 ||     4
       Staff             |       |       |     4 ||     4
Throw: Dart              |       |       |     4 ||     4
 Cast: Sandblast         |    21 |    85 |    58 ||   164
       Stone Arrow       |       |       |     8 ||     8
 Abil: Breathe Acid      |       |       |     1 ||     1
  Use: Scroll            |       |     4 |     2 ||     6
       Potion            |       |       |     2 ||     2
 Stab: Sleeping          |     3 |     8 |       ||    11
  Eat: Chunk             |     3 |    12 |     5 ||    20
       Ration            |       |       |     1 ||     1
Armor: Skin              |    22 |    52 |    17 ||    91
Dodge: Dodged            |    54 |   119 |    66 ||   239
       Rpst.: Falchion   |       |    22 |     4 ||    26
